AoeStats
← BlueThunder581

MegaRandom

510467778Analyzed
4v4 RM · 20h ago on Oct 1, 2026· 114m 12s· 8 players
Game mode
Random Map
Map size
Large (8 player)
Population
200
Speed
Normal
Resources
Standard
Victory
Conquest
Starting age
Dark Age
Ending age
Imperial Age
RankedLock teamsTeams togetherTeam positionsShared explorationLock speedFull tech treeHidden civsTurbo modeCheats
Victory
Defeat
🇦🇷 Koreans · Argentina
852
+24
🇲🇽 Portuguese · Mexico
805
+14
🇺🇸 Franks · United States
764
+39
🇲🇽 Britons · Mexico
696
+19
🇺🇸 Saxons · United States
774
-16
🇺🇸 Hindustanis · United States
772
-16
🇺🇸 Varangians · United States
763
-15
🇨🇴 Britons · Colombia
702
-13
Logadice
9:20 Loom
11:05 Feudal Age
12:50 Wheelbarrow
13:49 Double-Bit Axe
14:44 Horse Collar
15:33 Fishing Lines
18:26 Forging
26:04 Fletching
26:15 Padded Archer Armor
28:36 Castle Age
33:19 Bow Saw
42:51 Hand Cart
43:36 Ballistics
43:04 Elite Skirmisher
44:10 Gillnets
45:26 Gold Mining
50:54 Gold Shaft Mining
56:18 Gambesons
58:28 Bloodlines
58:19 Husbandry
74:22 Imperial Age
78:17 Heavy Plow
83:50 Crop Rotation
84:31 Two-Man Saw
96:23 Murder Holes
101:00 Scale Mail Armor
106:38 Capped Ram
107:38 Siege Ram
108:03 Pikeman
BlueThunder581
6:31 Loom
12:04 Feudal Age
12:38 Horse Collar
12:46 Double-Bit Axe
13:26 Fishing Lines
14:00 Gold Mining
16:40 Wheelbarrow
20:54 Castle Age
20:46 Town Watch
22:11 Bow Saw
23:46 Stone Mining
26:29 Caravan
26:44 Heavy Plow
27:58 Light Cavalry
29:01 Scale Barding Armor
29:41 Husbandry
32:22 Chain Barding Armor
32:20 Forging
33:52 Bloodlines
33:42 Fletching
34:03 Squires
34:47 Grand Trunk Road
35:19 Scale Mail Armor
37:32 Chain Mail Armor
42:27 Imperial Age
44:30 Chemistry
44:07 Conscription
43:59 Gillnets
46:23 Ballistics
46:11 Siege Engineers
46:08 Heavy Camel Rider
47:22 Elite Ghulam
47:38 Hussar
50:30 Shatagni
53:54 Iron Casting
53:48 Murder Holes
53:55 Bodkin Arrow
55:01 Imperial Camel Rider
57:29 Gold Shaft Mining
57:38 Hoardings
56:30 Pikeman
69:14 Medium Warships
71:00 Heavy Warships
69:57 Elite Cannon Galleon
80:13 Demolition Ship
SiegeOfTyre
7:37 Loom
10:57 Feudal Age
13:45 Double-Bit Axe
16:30 Wheelbarrow
16:41 Fishing Lines
21:20 Castle Age
19:28 Horse Collar
23:16 Gillnets
24:21 Hand Cart
27:36 Squires
28:08 Bow Saw
33:29 Vendel Legacy
40:18 Imperial Age
39:13 Bloodlines
43:39 Forging
43:35 Scale Barding Armor
43:31 Scale Mail Armor
43:42 Light Cavalry
44:24 Husbandry
50:21 Caravan
49:56 Cavalier
50:38 Husbandry
54:49 Light Cavalry
57:22 Iron Casting
57:08 Chain Barding Armor
57:05 Chain Mail Armor
59:32 Stone Mining
59:33 Gold Mining
62:58 Hussar
63:12 Hussar
64:41 Heavy Plow
66:26 Blast Furnace
66:19 Plate Barding Armor
74:38 Elite Longship
85:05 Shipwright
84:58 Clinker Construction
85:01 Careening
84:53 Murder Holes
85:19 Ballistics
84:52 Heated Shot
85:18 Masonry
85:17 Siege Engineers
86:17 Chemistry
92:05 Medium Warships
Witen
11:18 Feudal Age
12:32 Double-Bit Axe
16:57 Horse Collar
22:46 Castle Age
22:51 Stone Mining
22:54 Gold Mining
25:18 Elite Skirmisher
25:22 Pikeman
26:02 Squires
25:48 Gambesons
27:56 Fletching
28:18 Forging
28:08 Padded Archer Armor
30:58 Bodkin Arrow
38:57 Imperial Age
39:12 Yeomen
40:30 Bracer
40:46 Leather Archer Armor
43:44 Chemistry
43:05 Ballistics
47:00 Crossbowman
47:45 Arbalester
49:01 Ring Archer Armor
Neatsergio656
11:50 Feudal Age
15:08 Scale Barding Armor
15:04 Scale Mail Armor
22:15 Castle Age
20:48 Double-Bit Axe
24:00 Bow Saw
37:21 Imperial Age
38:06 Chain Barding Armor
38:02 Chain Mail Armor
37:57 Husbandry
37:20 Ordonnance Companies
37:37 Cavalier
38:34 Gold Mining
40:59 Plate Barding Armor
40:55 Plate Mail Armor
41:02 Paladin
43:40 Chivalry
44:07 Forging
45:28 Iron Casting
45:06 Elite Throwing Axeman
55:08 Blast Furnace
79:04 Medium Warships
78:14 Demolition Ship
97:28 Padded Archer Armor
97:18 Fletching
100:22 Leather Archer Armor
100:03 Bodkin Arrow
101:35 Conscription
101:51 Hoardings
jafet.rdz.v
5:40 Loom
8:29 Feudal Age
14:48 Castle Age
14:57 Horse Collar
15:22 Double-Bit Axe
20:57 Wheelbarrow
21:39 Crossbowman
23:36 Fletching
27:52 Bodkin Arrow
27:57 Padded Archer Armor
33:13 Imperial Age
31:01 Hand Cart
30:32 Town Watch
31:10 Ballistics
31:10 Leather Archer Armor
32:40 Yeomen
35:02 Bow Saw
37:38 Chemistry
37:19 Elite Longbowman
42:45 Bracer
43:16 Ring Archer Armor
42:57 Forging
42:52 Scale Barding Armor
43:39 Gold Mining
45:00 Two-Man Saw
44:03 Heavy Plow
45:46 Husbandry
45:10 Cavalier
46:49 Conscription
54:45 Gold Shaft Mining
107:25 Light Cavalry
110:07 Spies/Treason
lordwhite
0:57 Loom
11:49 Feudal Age
13:37 Wheelbarrow
14:23 Double-Bit Axe
16:48 Horse Collar
23:54 Castle Age
21:49 Arson
21:27 Man-at-Arms
26:15 Bow Saw
30:30 Circumnavigation
34:55 Hand Cart
41:22 Imperial Age
38:58 Gold Mining
38:59 Stone Mining
39:23 Forging
39:13 Scale Mail Armor
39:14 Padded Archer Armor
39:05 Fletching
39:20 Scale Barding Armor
39:42 Ballistics
39:12 Heated Shot
39:03 Treadmill Crane
39:34 Masonry
39:20 Murder Holes
41:42 Heavy Plow
43:16 Two-Man Saw
43:07 Conscription
42:49 Arquebus
44:48 Gambesons
44:26 Long Swordsman
46:20 Caravan
47:44 Husbandry
47:07 Cavalier
48:00 Bloodlines
47:13 Light Cavalry
50:52 Chain Barding Armor
50:48 Chain Mail Armor
51:09 Iron Casting
50:29 Bodkin Arrow
50:50 Leather Archer Armor
51:42 Chemistry
51:14 Architecture
50:49 Siege Engineers
53:07 Plate Mail Armor
53:13 Plate Barding Armor
53:07 Elite Skirmisher
53:07 Crossbowman
53:53 Thumb Ring
53:16 Onager
53:18 Capped Ram
54:42 Two-Handed Swordsman
54:45 Pikeman
55:20 Champion
58:01 Elite Organ Gun
59:17 Ring Archer Armor
58:48 Bracer
59:48 Blast Furnace
60:02 Crop Rotation
60:16 Halberdier
75:31 Arbalester
84:10 Bombard Tower
83:17 Elite Caravel
83:29 Elite Cannon Galleon
85:01 Medium Warships
84:43 Fishing Lines
93:11 Heavy Warships
92:39 Gillnets
108:00 Sappers
107:56 Spies/Treason
Roddak9096
12:09 Feudal Age
10:27 Loom
17:57 Castle Age
16:46 Double-Bit Axe
19:43 Bow Saw
23:54 Horse Collar
27:56 Wheelbarrow
27:27 Town Watch
27:56 Fletching
29:49 Bodkin Arrow
30:12 Hand Cart
30:28 Elite Skirmisher
34:58 Imperial Age
34:14 Ballistics
34:28 Thumb Ring
34:23 Treadmill Crane
36:24 Heavy Rocket Cart
38:11 Chemistry
37:19 Siege Engineers
39:01 Bracer
47:30 Conscription
47:34 Shinkichon
48:48 Scale Mail Armor
48:58 Forging
52:30 Masonry
52:07 Arrowslits
62:57 Chain Mail Armor
63:17 Iron Casting
69:29 Elite Fire Lancer
70:01 Arson
74:50 Plate Mail Armor
75:00 Squires
77:51 Elite Turtle Ship
82:44 Elite Cannon Galleon
113:30 Spies/Treason
Connection lost

Rejoining the realm…

Still unreachable

The connection could not be restored.

Session expired

The server has moved on; the page needs a fresh start.